 Dungeon Crawl Stone Soup version 0.17.1-2-g5865329 (webtiles) character file.

81816 Grim the Slayer (level 15, -13/192 HPs)
             Began as an Ogre Berserker on Feb 9, 2016.
             Was a High Priest of Trog.
             Killed from afar by a tengu conjurer (17 damage)
             ... with a bolt of magma
             ... on level 15 of the Dungeon.
             The game lasted 01:36:36 (40111 turns).

Grim the Slayer (Ogre Berserker)                   Turns: 40111, Time: 01:36:36

Health: -13/192    AC: 15    Str: 26    XL:     15   Next: 71%
Magic:  33/33      EV: 11    Int: 13    God:    Trog [*****.]
Gold:   2226       SH:  0    Dex: 12    Spells: 0 memorised, 14 levels left

rFire  + + .     SeeInvis .     w - +7 giant club of Nocihonen {pain, -Tele rElec Stlth+}
rCold  + . .     Clarity  .     t - +2 swamp dragon armour
rNeg   . . .     SustAt   .     (shield currently unavailable)
rPois  +         Gourm    .     (helmet restricted)
rElec  +         Spirit   .     S - +4 cloak of the Eight Hells {rPois MP+9}
rCorr  .         Warding  .     (gloves unavailable)
rMut   .         NoTele   +     (boots unavailable)
MR     +++..                    (no amulet)
Stlth  +.........               Z - ring of Faust {rF+ Int+4 Dex-2 Slay+4}
                                c - ring "Nesetad" {rF+ rC+ MP+9 Int+5 Stlth-}

@: very slightly contaminated, regenerating, extremely resistant to hostile
enchantments, very unstealthy
A: unfitting armour, repulsion field 1, dopey 1, tough skin 1
a: Berserk, Trog's Hand, Brothers in Arms, Burn Spellbooks, Renounce Religion


You were on level 15 of the Dungeon.
You worshipped Trog.
Trog was extremely pleased with you.
You were not hungry.

You visited 2 branches of the dungeon, and saw 23 of its levels.
You also visited: Labyrinth, Sewer and Bailey.

You collected 2226 gold pieces.

Inventory:

Hand Weapons
 w - the +7 giant club of Nocihonen (weapon) {pain, -Tele rElec Stlth+}
   (You found it on level 8 of the Lair of Beasts)

   In the hands of one skilled in necromantic magic, it inflicts extra damage on
   living creatures.
   It insulates you from electricity.
   It prevents most forms of teleportation.
   It makes you more stealthy.
Missiles
 F - 8 throwing nets (quivered)
 R - 21 large rocks
Armour
 t - a +2 swamp dragon armour (worn)
 S - the +4 cloak of the Eight Hells (worn) {rPois MP+9}
   (You found it on level 4 of the Lair of Beasts)

   It protects you from poison.
   It affects your magic capacity (+9).
Jewellery
 c - the ring "Nesetad" (left hand) {rF+ rC+ MP+9 Int+5 Stlth-}
   (You found it on level 4 of the Dungeon)

   [ring of protection from fire]

   It affects your intelligence (+5).
   It protects you from fire.
   It protects you from cold.
   It affects your magic capacity (+9).
   It makes you less stealthy.
 s - the ring of the Shining Light {rElec rF- rC+++ Dex-5 Stlth+}
   (You acquired it on level 8 of the Lair of Beasts)

   [ring of stealth]

   It affects your dexterity (-5).
   It makes you vulnerable to fire.
   It renders you almost immune to cold.
   It insulates you from electricity.
   It makes you more stealthy.
 Z - the ring of Faust (right hand) {rF+ Int+4 Dex-2 Slay+4}
   (You took it off a minotaur in a labyrinth)

   [ring of protection from fire]

   It affects your intelligence (+4).
   It affects your dexterity (-2).
   It affects your accuracy and damage with ranged weapons and melee attacks
   (+4).
   It protects you from fire.
Wands
 d - a wand of magic darts (22)
 m - a wand of digging (9)
 y - a wand of hasting (5)
 J - a wand of disintegration (11)
 U - a wand of fire (2)
Scrolls
 g - 7 scrolls of fear
 k - 2 scrolls of teleportation
 r - 5 scrolls of identify
 v - 2 scrolls of fog {unknown}
 x - 4 scrolls of random uselessness {unknown}
 z - a scroll of remove curse
 C - 3 scrolls of enchant armour
 D - 4 scrolls of magic mapping
 I - 3 scrolls of immolation {unknown}
 N - a scroll of brand weapon {unknown}
 O - 5 scrolls of recharging {unknown}
 P - 2 scrolls of blinking
 T - a scroll of enchant weapon
 W - 2 scrolls of noise {unknown}
Potions
 a - 2 potions of berserk rage
 b - 4 potions of curing
 e - 3 potions of cancellation
 f - a potion of agility
 j - 3 potions of flight
 n - 4 potions of brilliance
 p - a potion of might
 A - 2 potions of magic
 B - a potion of resistance
 G - 4 potions of mutation {!q}
Books
 o - a Young Poisoner's Handbook

   Spells                             Type                      Level
   a - Sting                          Conjuration/Poison           1
   b - Cure Poison                    Poison                       2
   c - Mephitic Cloud                 Conjuration/Poison/Air       3
   d - Olgreb's Toxic Radiance        Poison                       4
   e - Venom Bolt                     Conjuration/Poison           5
   Trog disapproves of the use of such an item.
 H - the Disquisition on Creative Good Luck
   (You found it on level 8 of the Dungeon)

   Spells                             Type                      Level
   a - Regeneration                   Charms/Necromancy            3
   b - Recall                         Summoning/Translocation      3
   c - Iskenderun's Battlesphere      Conjuration/Charms           5
   d - Dragon's Call                  Summoning                    9
   Trog disapproves of the use of such an item.
 K - a book of Geomancy

   Spells                             Type                      Level
   a - Sandblast                      Earth                        1
   b - Stoneskin                      Transmutation/Earth          2
   c - Passwall                       Transmutation/Earth          3
   d - Stone Arrow                    Conjuration/Earth            3
   e - Petrify                        Transmutation/Earth          4
   f - Lee's Rapid Deconstruction     Earth                        5
   Trog disapproves of the use of such an item.
 L - a book of Frost

   Spells                             Type                      Level
   a - Freeze                         Ice                          1
   b - Throw Frost                    Conjuration/Ice              2
   c - Ozocubu's Armour               Charms/Ice                   3
   d - Throw Icicle                   Conjuration/Ice              4
   e - Summon Ice Beast               Ice/Summoning                4
   f - Condensation Shield            Ice                          4
   Trog disapproves of the use of such an item.
 X - a book of the Tempests

   Spells                             Type                      Level
   a - Static Discharge               Conjuration/Air              3
   b - Lightning Bolt                 Conjuration/Air              5
   c - Fireball                       Conjuration/Fire             5
   d - Tornado                        Air                          9
   e - Shatter                        Earth                        9
   Trog disapproves of the use of such an item.
Miscellaneous
 i - a phantom mirror
Comestibles
 h - 6 beef jerkies
 q - a bread ration
 M - 3 meat rations


   Skills:
 + Level 22.7 Fighting
 + Level 22.7 Maces & Flails
 - Level 2.6 Dodging


You had 14 spell levels left.
You didn't know any spells.

Dungeon Overview and Level Annotations

Branches:
Dungeon (15/15)            Temple (0/1) D:7            Lair (8/8) D:10
 Shoals (0/4) Lair:4       Spider (0/4) Lair:5        Slime (0/6) Lair:7
    Orc (0/4) D:12         Vaults (0/5) D:13         Depths (0/5) D:15

Altars:
Ashenzari
Cheibriados
Dithmenos
Elyvilon
Gozag
Makhleb
Nemelex Xobeh
Qazlal
Ru
Sif Muna
Trog
Vehumet
Yredelemnul
The Shining One
Beogh
Jiyva

Shops:
D:7 [   D:14 [


Innate Abilities, Weirdness & Mutations

You are too large for most types of armour.
You have tough skin (AC +1).
You are surrounded by a mild repulsion field (EV +2).
You are dopey. (Int -2)


Message History

Something hits you.
* * * LOW HITPOINT WARNING * * *
Something hits you.
* * * LOW HITPOINT WARNING * * *
Something hits you but does no damage. Something hits you.
* * * LOW HITPOINT WARNING * * *
Something hits you but does no damage. Something hits you.
* * * LOW HITPOINT WARNING * * *
Drink which item? (? for menu, Esc to quit)
You feel better. Something hits you but does no damage.
The tengu conjurer gestures at you while chanting.
The bolt of magma hits you! You partially resist.
* * * LOW HITPOINT WARNING * * *
Read which item? (? for menu, Esc to quit)
As you read the scroll of summoning, it crumbles to dust.
Wisps of shadow whirl around you... Something hits you but does no damage.
The tengu conjurer casts a spell at you.
The bolt of magma hits you! You partially resist.
You die...

# ## #.##.#######
.......##..# .......#..# #
...##..5C.# .## # ##
....##.#..## #.##.# #.
.....C###.c#####..W#
......####.5C.z.@Fc##
.......###Q######.Y...####
.....5.##.)# ##Q###......
## ........#.## ##..#
#...#####. ..........#
###..## #........
......#.{####....#
#........
......#..$...Q##.##
#.......#
...[........####.Q###
#......## ...........##
##*..#####.......#


You could see a skeletal warrior, a hill giant, a yaktaur, 2 tengu conjurers, a
crimson imp, a friendly centaur warrior, a friendly hungry ghost, a friendly sky
beast and a friendly giant frog.

Vanquished Creatures
  4 dire elephants (Lair:8)
  A minotaur (Lab)
  Snorg (D:11)
  A vault guard (D:13)
  Erolcha (D:8)
  10 hydras
  An anaconda (Lair:8)
  A centaur warrior (D:14)
  3 death yaks (Lair:7)
  A queen ant (Lair:8)
  Urug (D:15)
  A skeletal warrior (D:15)
  5 unseen horrors
  A hill giant (D:12)
  Pikel (D:5)
  A wolf spider zombie (D:9)
  A phantasmal warrior (D:15)
  4 cyclopes
  A necromancer (D:13)
  A fire giant zombie (D:15)
  An ugly thing (D:12)
  A wizard (D:14)
  A manticore (D:14)
  A griffon (Lair:7)
  9 elephants
  4 slime creatures (D:14)
  The ghost of Poody the Basher, a novice OgHu (D:5)
  An ice statue (D:13)
  3 gargoyles
  Psyche (D:8)
  10 black mambas
  10 spiny frogs
  3 efreet
  2 yaktaurs
  12 komodo dragons
  6 trolls
  A guardian mummy (D:15)
  2 fire drakes
  A two-headed ogre (D:10)
  A tengu conjurer (D:12)
  A polar bear (Lair:2)
  Grinder (D:3)
  3 trapdoor spiders
  9 blink frogs
  A boulder beetle (Lair:7)
  A wraith (D:13)
  A shadow (D:13)
  A deep elf mage (D:14)
  3 wyverns
  56 yaks
  A basilisk (D:12)
  Grum (Lair:1)
  10 wolves
  12 hippogriffs
  A hungry ghost (D:7)
  22 humans (D:13)
  The ghost of SedStubbie the Skirmisher, an amateur OpGl of Okawaru (D:3)
  Menkaure (D:6)
  20 soldier ants (Lair:8)
  Edmund (D:6)
  20 water moccasins
  2 mottled dragons
  14 porcupines
  Duvessa (D:5)
  A wasp (D:11)
  4 slaves (D:5)
  3 ice beasts
  4 ogres
  11 crocodiles
  11 orc warriors
  4 sky beasts
  5 centaurs
  3 big kobolds
  A phantom (D:8)
  Blork the orc (D:5)
  A brain worm (D:12)
  9 gnoll sergeants
  17 giant frogs
  Dowan (D:5)
  4 scorpions
  6 killer bees
  12 wights
  8 orc wizards
  A centaur zombie (D:8)
  6 gnoll shamans (Bailey)
  6 crimson imps
  5 orc priests
  2 giant frog skeletons (D:13)
  2 giant frog zombies
  8 centaur skeletons
  4 jellies
  9 hounds
  26 worker ants
  9 iguanas
  2 quasits
  38 sheep
  A hound zombie (D:7)
  2 hound skeletons
  A mummy (D:8)
  Robin (D:2)
  19 gnolls
  79 river rats
  11 adders
  3 shadow imps
  2 oozes
  An adder zombie (D:7)
  3 worms (D:2)
  2 adder skeletons
  9 giant geckos
  61 orcs
  7 ball pythons
  6 bats
  4 giant cockroaches
  23 goblins
  4 hobgoblins
  21 kobolds
  5 quokkas
  10 giant newts
  19 jackals
  8 rats
  A bush (Lair:5)
  14 plants
837 creatures vanquished.

Vanquished Creatures (collateral kills)
  A hydra (Lair:8)
  A death yak (Lair:7)
  4 yaks
  A porcupine (Lair:7)
  A wight (D:12)
  An orc wizard (D:10)
  2 worker ants
  An adder skeleton (D:10)
  2 orcs (D:10)
14 creatures vanquished.

Vanquished Creatures (others)
  20 fungi
  12 plants
32 creatures vanquished.

Grand Total: 883 creatures vanquished

Notes
Turn   | Place    | Note
--------------------------------------------------------------
     0 | D:1      | Grim the Ogre Berserker began the quest for the Orb.
     0 | D:1      | Reached XP level 1. HP: 24/24 MP: 1/1
   185 | D:1      | Reached XP level 2. HP: 33/33 MP: 2/2
   860 | D:2      | Reached skill level 5 in Fighting
   943 | D:2      | Reached XP level 3. HP: 23/42 MP: 3/3
  1159 | D:2      | Noticed Robin
  1184 | D:2      | Killed Robin
  1425 | D:2      | Reached ** piety under Trog
  1444 | D:2      | Reached XP level 4. HP: 28/52 MP: 4/4
  1941 | D:2      | Reached skill level 6 in Fighting
  2303 | D:3      | Found a stormy altar of Qazlal.
  2355 | D:3      | Reached skill level 5 in Maces & Flails
  2779 | D:3      | Found a white marble altar of Elyvilon.
  2786 | D:3      | Noticed Grinder
  2787 | D:3      | Noticed SedStubbie's ghost (amateur OpGl)
  2809 | D:3      | Killed SedStubbie's ghost
  2809 | D:3      | Reached skill level 7 in Fighting
  2809 | D:3      | Reached XP level 5. HP: 37/62 MP: 5/5
  2809 | D:3      | Reached XP level 6. HP: 42/71 MP: 6/6
  2818 | D:3      | Killed Grinder
  2818 | D:3      | Reached skill level 8 in Fighting
  3189 | D:3      | Reached XP level 7. HP: 78/81 MP: 7/7
  3847 | D:4      | Reached skill level 9 in Fighting
  4010 | D:4      | Got a smoking iron ring
  4111 | D:4      | Found a glowing drain.
  4115 | Sewer    | Entered a sewer
  4319 | Sewer    | Identified the ring "Nesetad" {rF+ rC+ MP+9 Int+5 Stlth-} (You found it on level 4 of the Dungeon)
  4971 | D:4      | Reached *** piety under Trog
  5207 | D:4      | Reached XP level 8. HP: 93/93 MP: 8/8
  5224 | D:4      | Reached skill level 10 in Fighting
  5348 | D:4      | Found a sacrificial altar of Ru.
  5476 | D:5      | Entered Level 5 of the Dungeon
  5479 | D:5      | Noticed Duvessa
  5486 | D:5      | Killed Duvessa
  5487 | D:5      | Noticed Dowan
  5502 | D:5      | Killed Dowan
  5637 | D:5      | Noticed Pikel
  5745 | D:5      | Killed Pikel
  5745 | D:5      | Reached skill level 11 in Fighting
  5745 | D:5      | Reached skill level 10 in Maces & Flails
  5745 | D:5      | Reached XP level 9. HP: 105/105 MP: 9/9
  6593 | D:5      | Found a basalt altar of Yredelemnul.
  6865 | D:5      | Noticed Poody's ghost (novice OgHu)
  6869 | D:5      | Noticed Blork the orc
  6879 | D:5      | Killed Poody's ghost
  6879 | D:5      | Reached skill level 12 in Fighting
  6886 | D:5      | Killed Blork the orc
  7266 | D:6      | Noticed Edmund
  7295 | D:6      | Killed Edmund
  7708 | D:6      | Noticed Menkaure
  7905 | D:6      | Killed Menkaure
  7905 | D:6      | Reached skill level 13 in Fighting
  8100 | D:6      | Found a bloodstained altar of Trog.
  8100 | D:6      | Found a shattered altar of Ashenzari.
  8155 | D:6      | Found a glowing golden altar of the Shining One.
  8476 | D:6      | Found Ikhyefer's Book Boutique.
  8540 | D:7      | Reached XP level 10. HP: 63/119 MP: 10/10
  9093 | D:7      | Found Lalygh's Armour Emporium.
  9420 | D:7      | Reached **** piety under Trog
  9458 | D:7      | Found a staircase to the Ecumenical Temple.
  9600 | D:7      | Found an opulent altar of Gozag.
  9600 | D:7      | Found a sparkling altar of Nemelex Xobeh.
  9601 | D:7      | Found a burning altar of Makhleb.
 10033 | D:8      | Reached skill level 14 in Fighting
 10598 | D:8      | Identified the Disquisition on Creative Good Luck
 10605 | D:8      | Found a snail-covered altar of Cheibriados.
 10790 | D:8      | Noticed Erolcha
 10807 | D:8      | Killed Erolcha
 11151 | D:8      | Noticed Psyche
 11161 | D:8      | Killed Psyche
 11717 | D:9      | Reached skill level 15 in Fighting
 12031 | D:9      | Reached XP level 11. HP: 121/132 MP: 11/11
 12517 | D:10     | Entered Level 10 of the Dungeon
 13151 | D:10     | Found a roughly hewn altar of Beogh.
 13554 | D:10     | Killed an unseen horror
 13554 | D:10     | Reached skill level 15 in Maces & Flails
 13793 | D:10     | Reached skill level 16 in Fighting
 14229 | D:10     | Found a staircase to the Lair.
 14356 | Lair:1   | Entered Level 1 of the Lair of Beasts
 14356 | Lair:1   | Noticed Grum
 14508 | Lair:1   | Killed Grum
 16159 | Lair:1   | Reached skill level 17 in Fighting
 16172 | Lair:1   | Reached XP level 12. HP: 67/148 MP: 12/12
 16615 | Lair:1   | Received a gift from Trog
 17077 | Lair:2   | Noticed a five-headed hydra
 17080 | Lair:2   | Killed a five-headed hydra
 17557 | Lair:2   | Reached ***** piety under Trog
 19289 | Lair:3   | Reached skill level 18 in Maces & Flails
 19913 | Lair:4   | Got a spiked cloak
 19924 | Lair:4   | Identified the +4 cloak of the Eight Hells {rPois MP+9} (You found it on level 4 of the Lair of Beasts)
 20225 | Lair:4   | Received a gift from Trog
 20226 | Lair:4   | Found a staircase to the Shoals.
 20903 | Lair:5   | Found a hole to the Spider Nest.
 21213 | Lair:5   | Reached XP level 13. HP: 94/161 MP: 13/13
 21484 | Lair:5   | Noticed an eight-headed hydra
 21497 | Lair:5   | Killed an eight-headed hydra
 22577 | Lair:5   | Noticed a five-headed hydra
 22589 | Lair:5   | Killed a five-headed hydra
 22593 | Lair:5   | Reached skill level 19 in Maces & Flails
 22668 | Lair:5   | Noticed a six-headed hydra
 22675 | Lair:5   | Killed a six-headed hydra
 23812 | Lair:6   | Got a slimy falchion
 23842 | Lair:6   | Identified the cursed +1 falchion of Pestilence {antimagic, *Contam +Blink Dex+8 Stlth+} (You found it on level 6 of the Lair of Beasts)
 23855 | Lair:6   | Gained mutation: You are dopey. (Int -2) [mutagenic glow]
 24211 | Lair:6   | Received a gift from Trog
 26349 | Lair:7   | Reached skill level 20 in Maces & Flails
 26475 | Lair:7   | Found a staircase to the Slime Pits.
 26475 | Lair:7   | Found a viscous altar of Jiyva.
 26928 | Lair:8   | Entered Level 8 of the Lair of Beasts
 27140 | Lair:7   | Reached XP level 14. HP: 175/175 MP: 14/14
 29458 | Lair:8   | Reached ****** piety under Trog
 29458 | Lair:8   | Received a gift from Trog
 29529 | Lair:8   | Identified 2 scrolls of acquirement
 29843 | Lair:8   | Got a wavering copper ring
 29858 | Lair:8   | Got a twisted giant club
 29859 | Lair:8   | Identified the +2 giant club "Dragonslayer" {antimagic, *Noise +Blink rElec Str-4} (You acquired it on level 8 of the Lair of Beasts)
 29860 | Lair:8   | Identified the ring of the Shining Light {rElec rF- rC+++ Dex-5 Stlth+} (You acquired it on level 8 of the Lair of Beasts)
 29969 | Lair:8   | Reached skill level 21 in Maces & Flails
 30130 | Lair:8   | Got a faintly glowing robe
 30141 | Lair:8   | Identified the cursed +0 robe of the Locust {*Corrode Int+2 Dex+7 Slay-5} (You found it on level 8 of the Lair of Beasts)
 30975 | D:11     | Noticed Snorg
 31033 | D:11     | Found a labyrinth entrance.
 31052 | Lab      | Entered a labyrinth
 31773 | Lab      | Got a heavily runed brass ring
 32077 | D:11     | Killed Snorg
 32482 | D:11     | Found a radiant altar of Vehumet.
 32677 | D:11     | Gained mutation: You are surrounded by a mild repulsion field (EV +2). [potion of beneficial mutation]
 33391 | D:12     | Found a flagged portal.
 33405 | Bailey   | Entered a bailey
 33947 | Bailey   | Received a gift from Trog
 34799 | D:12     | Found an opulent altar of Gozag.
 36121 | Lair:8   | Got a translucent giant club
 36122 | Lair:8   | Identified the +7 giant club of Nocihonen {pain, -Tele rElec Stlth+} (You found it on level 8 of the Lair of Beasts)
 36306 | Lair:8   | Reached XP level 15. HP: 126/189 MP: 15/15
 36759 | D:12     | Identified the ring of Faust {rF+ Int+4 Dex-2 Slay+4} (You took it off a minotaur in a labyrinth)
 37407 | D:12     | Reached skill level 22 in Maces & Flails
 37594 | D:12     | Found a staircase to the Orcish Mines.
 38500 | D:13     | Received a gift from Trog
 38522 | D:13     | Got an iridescent giant spiked club {god gift}
 38523 | D:13     | Identified the +3 giant spiked club of Distant Worlds {freeze, *Confuse +Fly rN+} (Trog gifted it to you on level 13 of the Dungeon)
 38543 | D:13     | Found a gate to the Vaults.
 38986 | D:13     | Found a shadowy altar of Dithmenos.
 39223 | D:14     | Found Noun's Antique Armour Shop.
 39757 | D:14     | Found a deep blue altar of Sif Muna.
 39914 | D:15     | Entered Level 15 of the Dungeon
 39957 | D:15     | Noticed Urug
 39968 | D:15     | Killed Urug
 40027 | D:15     | Found a staircase to the Depths.
 40110 | D:15     | HP: 2/192 [tengu conjurer/bolt of magma (18)]
 40111 | D:15     | Killed from afar by a tengu conjurer

Action                   |  1- 3 |  4- 6 |  7- 9 | 10-12 | 13-15 || total
-------------------------+-------+-------+-------+-------+-------++-------
Melee: Mace              |    95 |    19 |       |       |       ||   114
       Whip              |       |   110 |   466 |       |       ||   576
       Flail             |       |       |    38 |   483 |       ||   521
       Unarmed           |       |       |     4 |       |       ||     4
       Giant club        |       |       |       |   301 |  1067 ||  1368
       Giant spiked club |       |       |       |       |    89 ||    89
       Great mace        |       |       |       |       |    16 ||    16
Throw: Throwing net      |       |       |       |       |     1 ||     1
Invok: Berserk           |     2 |     1 |    13 |     8 |    18 ||    42
       Trog's Hand       |       |     2 |     7 |    12 |     9 ||    30
       Brothers in Arms  |       |       |       |     2 |     8 ||    10
       Burn Spellbooks   |       |       |       |       |     1 ||     1
Evoke: Wand              |       |       |       |       |     2 ||     2
  Use: Potion            |       |     1 |       |     6 |     6 ||    13
       Scroll            |       |       |    10 |     8 |    27 ||    45
  Eat: Bread ration      |     1 |     1 |     1 |     5 |     4 ||    12
       Chunk             |     1 |     1 |    19 |    20 |    33 ||    74
       Meat ration       |       |       |     1 |     2 |     3 ||     6
       Beef jerky        |       |       |     1 |       |     3 ||     4
       Pizza             |       |       |       |       |     2 ||     2
       Fruit             |       |       |       |       |     9 ||     9
       Royal jelly       |       |       |       |       |     1 ||     1
